 Dungeon Crawl Stone Soup version 0.16.2-2-g470672f (webtiles) character file.

70 DizzySkin the Conjurer (level 4, 0/24 HPs)
             Began as a Deep Elf Conjurer on Sept 3, 2015.
             Slain by a gnoll
             ... wielding a +0 whip
              (7 damage)
             ... on level 2 of the Dungeon.
             The game lasted 00:06:58 (1596 turns).

DizzySkin the Conjurer (Deep Elf Conjurer)          Turns: 1596, Time: 00:06:58

Health: 0/24       AC:  3    Str:  5    XL:     4   Next: 3%
Magic:  5/13       EV: 13    Int: 21    God:
Gold:   133        SH:  0    Dex: 18    Spells: 1 memorised, 8 levels left

rFire  . . .     SeeInvis .     k - +0 spear
rCold  . . .     Clarity  .     a - +1 robe
rNeg   . . .     SustAb   .     (no shield)
rPois  .         Gourm    .     (no helmet)
rElec  .         Spirit   .     (no cloak)
rCorr  .         Warding  .     (no gloves)
rMut   .         Stasis   .     (no boots)
MR     .....                    f - amulet of inaccuracy (curse)
Stlth  ++........               (no ring)
                                y - +3 ring of dexterity

@: not resistant to hostile enchantments, unstealthy
A: no striking features
a: no special abilities


You were on level 2 of the Dungeon.
You were not hungry.

You visited 1 branch of the dungeon, and saw 3 of its levels.

You collected 133 gold pieces.

Inventory:

Hand weapons
 e - a +0 whip
 k - a +0 spear (weapon)
 p - a +0 dagger
 t - a cursed -1 dagger
 x - a cursed +0 hand axe
Missiles
 g - 4 stones (quivered)
 o - 15 sling bullets
 v - 25 bolts
Armour
 a - a +1 robe (worn)
Jewellery
 f - a cursed amulet of inaccuracy (around neck)
 y - a +3 ring of dexterity (left hand)
Magical devices
 w - a wand of polymorph (16)
Scrolls
 h - a scroll of fog
 s - a scroll of magic mapping
Potions
 i - 3 potions of brilliance
 j - a potion of curing {unknown}
 l - a potion of restore abilities {unknown}
 q - a potion of cure mutation {unknown}
 r - a potion of flight {unknown}
 u - 2 potions of resistance {unknown}
 z - a potion of haste {unknown}
Books
 c - a book of Conjurations

   Spells                             Type                      Level
   a - Magic Dart                     Conjuration                  1
   b - Searing Ray                    Conjuration                  2
   c - Dazzling Spray                 Conjuration/Hexes            3
   d - Fulminant Prism                Conjuration/Hexes            4
   e - Iskenderun's Mystic Blast      Conjuration                  4
   f - Iskenderun's Battlesphere      Conjuration/Charms           5
Comestibles
 b - 2 bread rations
 m - a meat ration


   Skills:
 - Level 2.4 Dodging
 - Level 2.4 Stealth
 - Level 3.0 Spellcasting
 + Level 6.2 Conjurations


You had 8 spell levels left.
You knew the following spells:

 Your Spells              Type           Power        Failure   Level  Hunger
a - Magic Dart            Conj           ####         1%          1    None


Dungeon Overview and Level Annotations

Branches:
Dungeon (3/15)

Altars:


Message History

* * * LOW HITPOINT WARNING * * *
You climb upwards.
There is a stone staircase leading down here.
Casting: Magic Dart
Confirm with . or Enter, or press ? or * to list all spells.
Aiming: Magic Dart
Press: ? - help, Shift-Dir - straight line, f - gnoll
Aim: a gnoll, wielding a whip (heavily wounded)
The magic dart hits the gnoll.
The gnoll is severely wounded.
The gnoll barely misses you.
Casting: Magic Dart
Confirm with . or Enter, or press ? or * to list all spells.
Aiming: Magic Dart
Press: ? - help, Shift-Dir - straight line, f/p - gnoll
Aim: a gnoll, wielding a whip (severely wounded)
The magic dart hits the gnoll.
The gnoll is almost dead.
The gnoll hits you with a whip!
You die...

##.###.## #######.#
#.#
#...#.#.############.#
#.#
.....###..........##.#
#.#
#...#.#.#########.##.#
#.# ##.###.## #.....#
#.# .......# #..####
#.# ...##### #..# #.#
#### #g.#######.# #
#@.........# #
#######.##########
#.......# #>#######
#.# ###### #.# .....#
#.# ####.# #.# # #.#
#<#


You could see a gnoll.

Vanquished Creatures
  2 gnolls
  An adder (D:2)
  A worm (D:2)
  A ball python (D:1)
  6 goblins (D:2)
  5 hobgoblins
  4 bats
  A giant cockroach (D:2)
  A giant gecko (D:2)
  A giant newt (D:2)
  4 jackals (D:2)
  6 kobolds
  6 rats
39 creatures vanquished.

Notes
Turn   | Place    | Note
--------------------------------------------------------------
     0 | D:1      | DizzySkin, the Deep Elf Conjurer, began the quest for the Orb.
     0 | D:1      | Reached XP level 1. HP: 10/10 MP: 5/5
   352 | D:1      | Reached XP level 2. HP: 15/15 MP: 3/8
   413 | D:1      | You fall through a shaft!
   419 | D:2      | Reached skill level 5 in Conjurations
   985 | D:2      | Reached XP level 3. HP: 19/19 MP: 6/10
  1365 | D:2      | Reached skill level 6 in Conjurations
  1589 | D:3      | Reached XP level 4. HP: 16/24 MP: 9/13
  1596 | D:2      | Slain by a gnoll

Action                   |  1- 3 |  4- 6 || total
-------------------------+-------+-------++-------
Melee: Spear             |     8 |       ||     8
Throw: Stone             |     4 |       ||     4
 Cast: Magic Dart        |    74 |     6 ||    80
  Use: Scroll            |     3 |       ||     3
       Potion            |     1 |       ||     1
  Eat: Chunk             |     2 |       ||     2
